 Dungeon Crawl Stone Soup version 0.29-a0-648-g6b26cc9f40 (webtiles) character file.

Game seed: 253192904637015669

82290 zishaf the Geomancer (level 14, -16/126 HPs)
             Began as a Demigod Wanderer on June 16, 2022.
             Demolished by Saint Roka
             ... wielding a +2 long sword of protection
              (35 damage)
             ... on level 2 of the Orcish Mines on June 20, 2022.
             The game lasted 01:17:40 (38272 turns).

zishaf the Geomancer (Demigod Wanderer)            Turns: 38272, Time: 01:17:41

Health: -16/126    AC: 12    Str:  9    XL:     14   Next: 89%
Magic:  6/30       EV: 14    Int: 37    God:
Gold:   2254       SH: 12    Dex: 18    Spells: 14/28 levels left

rFire   + + .      SeeInvis .   P - +12 long sword "Jusoc" {freeze, rF+ rC+ Int+4}
rCold   + + .      Faith    .   D - +2 kite shield
rNeg    + . .      Spirit   .   l - +1 ring mail of Leaves {rPois rC- rCorr}
rPois   +          Reflect  .   s - +1 helmet
rElec   .          Harm     .   b - +0 cloak
rCorr   +          Rampage  .   R - +0 pair of gloves
Will    +....                   u - +1 pair of boots
Stlth   +.........              d - amulet of regeneration
HPRegen 1.11/turn               n - ring "Mupyth" {rF+ rC++ rN+ rCorr Int+4}
MPRegen 0.22/turn               C - +4 ring of evasion

@: no status effects
A: high MP 1, forlorn, divine attributes
a: no special abilities


You were on level 2 of the Orcish Mines.
You visited 3 branches of the dungeon, and saw 20 of its levels.
You also visited: Sewer, Ossuary and Ice Cave.

You collected 2254 gold pieces.

Inventory:

Hand Weapons
 g - a +3 double sword of holy wrath
 H - a +6 falchion
 P - the +12 long sword "Jusoc" (weapon) {freeze, rF+ rC+ Int+4}
   (You found it on level 3 of the Lair of Beasts)

   It freezes those it strikes, dealing additional cold damage.
   It can also slow down cold-blooded creatures.
   Int:       It affects your intelligence (+4).
   rF:        It protects you from fire.
   rC:        It protects you from cold.
Missiles
 V - 4 throwing nets
Armour
 b - a +0 cloak (worn)
 l - the +1 ring mail of Leaves (worn) {rPois rC- rCorr}
   (You found it on level 10 of the Dungeon)

   rC:        It makes you vulnerable to cold.
   rPois:     It protects you from poison.
   rCorr:     It protects you from acid and corrosion.
 s - a +1 helmet (worn)
 u - a +1 pair of boots (worn)
 x - +0 ice dragon scales
 y - +0 steam dragon scales
 D - a +2 kite shield (worn)
 R - a +0 pair of gloves (worn)
 T - a +2 robe of resistance
Jewellery
 a - a ring of ice
 d - an amulet of regeneration (around neck)
 n - the ring "Mupyth" (left hand) {rF+ rC++ rN+ rCorr Int+4}
   (You found it on level 10 of the Dungeon)

   [ring of protection from fire]

   Int:       It affects your intelligence (+4).
   rF:        It protects you from fire.
   rC:        It greatly protects you from cold.
   rN:        It protects you from negative energy.
   rCorr:     It protects you from acid and corrosion.
 C - a +4 ring of evasion (right hand)
 U - a ring of flight
Wands
 e - a wand of quicksilver (4)
 t - a wand of iceblast (20)
 E - a wand of polymorph (7)
 I - a wand of paralysis (3)
 J - a wand of mindburst (8)
 M - a wand of digging (9)
 S - a wand of flame (15)
Scrolls
 c - 15 scrolls of teleportation
 f - a scroll of enchant weapon
 h - a scroll of enchant armour
 q - 3 scrolls of identify
 r - 3 scrolls of magic mapping
 v - 3 scrolls of fog
 L - 2 scrolls of summoning
 N - a scroll of blinking
 Q - 3 scrolls of fear
 W - 3 scrolls of poison
Potions
 i - 3 potions of might
 j - 5 potions of flight
 k - 5 potions of magic
 m - 5 potions of berserk rage
 o - 9 potions of curing
 p - 5 potions of mutation
 z - 3 potions of haste
 A - 3 potions of brilliance
 B - 2 potions of heal wounds
 G - a potion of cancellation
 O - a potion of lignification
 X - 3 potions of resistance
Miscellaneous
 w - a tin of tremorstones (1/2)
 F - a phantom mirror
 K - a phial of floods


   Skills:
 + Level 12.1 Fighting
 + Level 5.9 Long Blades
 - Level 3.6 Dodging
 - Level 6.0 Shields
 + Level 7.7 Spellcasting
 + Level 10.7 Conjurations
 - Level 4.0 Necromancy
 - Level 3.0 Transmutations
 + Level 14.8 Earth Magic
 + Level 4.8 Evocations


You had 14 spell levels left.
You knew the following spells:

 Your Spells              Type           Power      Damage    Failure   Level
a - Sandblast             Erth           100%       2d20      1%          1
b - Passwall              Tmut/Erth      57%        N/A       1%          2
c - Stone Arrow           Conj/Erth      100%       3d13      1%          3
d - Iron Shot             Conj/Erth      41%        9d8       17%         6
A - Sublimation of Blood  Necr           43%        N/A       6%          2

Your spell library contained the following spells:

 Spells                   Type           Power      Damage    Failure   Level
 Shock                    Conj/Air       100%       1d9       2%          1
 Wereblood                Tmut           36%        N/A       10%         2
 Animate Armour           Summ/Erth      100%       N/A       10%         4
 Apportation              Tloc           28%        N/A       22%         1
 Gell's Gravitas          Tloc           14%        N/A       54%         3
 Lesser Beckoning         Tloc           14%        N/A       54%         3
 Swiftness                Air            14%        N/A       54%         3
 Teleport Other           Tloc           14%        N/A       54%         3
 Blade Hands              Tmut           18%        N/A       86%         5
 Airstrike                Air            7%         N/A       91%         4
 Passage of Golubria      Tloc           14%        N/A       91%         4
 Dispersal                Tloc           7%         N/A       100%        6
 Summon Hydra             Summ           7%         N/A       100%        7


Dungeon Overview and Level Annotations

Branches:
Dungeon (12/15)            Temple (0/1) D:4            Lair (6/6) D:10
 Shoals (0/4) Lair:2        Snake (0/4) Lair:3        Slime (0/5) Lair:6
    Orc (2/2) D:11            Elf (0/3) Orc:2         Sewer (visited)
Ossuary (visited)           IceCv (visited)

Shops:
D:1 !   D:3 =   D:4 !   D:5 [   Orc:2 *[[

Annotations:
Orc:2 Saint Roka


Innate Abilities, Weirdness & Mutations

You have an increased reservoir of magic. (+10% MP)
You shall have no god before yourself.
Your divine heritage dramatically boosts your attributes as you level up.


Message History

The orc sorcerer goes into a battle-frenzy!
Unknown command.
Aiming: Quicksilver Bolt
Press: ? - help, Shift-Dir - straight line, f/p - Saint Roka
Aim: Saint Roka, wielding a +2 long sword of protection and wearing a +2 plate armour of fire resistance (severely wounded, 84% to hit)
The bolt of dispelling energy misses Saint Roka.
The bolt of dispelling energy misses the orc sorcerer.
The bolt of dispelling energy hits the sun demon!
The sun demon is moderately wounded.
The bolt of dispelling energy hits the neqoxec!!
The neqoxec is heavily wounded.
Saint Roka calls down the wrath of Beogh upon you.
Beogh smites you!
* * * LOW HITPOINT WARNING * * *
Aiming: Quicksilver Bolt
Press: ? - help, Shift-Dir - straight line, f/p - Saint Roka
Aim: Saint Roka, wielding a +2 long sword of protection and wearing a +2 plate armour of fire resistance (severely wounded, 84% to hit)
The bolt of dispelling energy hits Saint Roka!
Saint Roka is severely wounded.
The bolt of dispelling energy hits the orc sorcerer!!
The orc sorcerer is severely wounded.
The orc sorcerer's magical effects unravel!
The bolt of dispelling energy hits the sun demon!
The sun demon is heavily wounded.
Saint Roka mumbles some strange prayers to Beogh against you.
Beogh smites you!
* * * LOW HITPOINT WARNING * * *
Aiming: Quicksilver Bolt
Press: ? - help, Shift-Dir - straight line, f/p - Saint Roka
Aim: Saint Roka, wielding a +2 long sword of protection and wearing a +2 plate armour of fire resistance (severely wounded, 84% to hit)
The bolt of dispelling energy hits Saint Roka!
Saint Roka is severely wounded.
The bolt of dispelling energy hits the orc sorcerer!!
You kill the orc sorcerer!
The sun demon disappears in a puff of smoke!
The neqoxec disappears in a puff of smoke! x2
You block Saint Roka's attack.
You feel much better.
Saint Roka hits you with a +2 long sword of protection!!
You die...

..# #...).... .### ##
#####......) ##.## .###..#
##...... ....### ...... .###.....
......## ##...... .........
..#....#########....##...........
..[..............................
.................................
.######..#######@###.###..######.
.#∩...#..# #o# .. #.
.#....#..#######)###.## #.
.#..).#........[.§...... #.
.###'##..###.###........ ##'###.
...)[....# #.# #..⌠...⌠. .......
.###'###.# #.# #........ ##'###.
.#.....#.# #.# #.###'### #.
.#.....#.. ... ..# ... #.


You could see Saint Roka.

Vanquished Creatures
  Jorgrun (Orc:1)
  Frances (D:12)
  A storm dragon (D:12)
  A sphinx (D:12)
  A tengu reaver (D:12)
  An orc warlord (Orc:1)
  A reaper (IceCv)
  Snorg (D:12)
  Fannar (D:11)
  6 hydras
  3 boulder beetles
  Harold (Lair:1)
  Erica (D:8)
  4 death yaks
  A catoblepas (D:10)
  Sonja (Lair:5)
  11 spriggans
  Amaemon (D:8)
  A lindwurm (Lair:3)
  2 wolf spiders
  3 orc sorcerers
  5 orc knights
  2 ugly things
  3 manticores (D:12)
  A cyclops (D:10)
  2 slime creatures (D:12)
  15 elephants
  A merfolk siren (Lair:2)
  2 ice statues (IceCv)
  A water nymph (shapeshifter) (D:12)
  3 black mambas
  An orange demon (D:8)
  11 cane toads
  Psyche (D:12)
  12 komodo dragons
  4 rime drakes
  An anaconda simulacrum (IceCv)
  6 ice devils (IceCv)
  A troll (shapeshifter) (D:12)
  10 polar bears
  4 trolls
  7 hornets
  14 blink frogs
  A centaur simulacrum (D:12)
  12 dream sheep
  A shadow (D:11)
  2 wraiths
  48 yaks
  9 wyverns
  A vampire (D:11)
  Eustachio (D:4)
  8 basilisks
  2 death yak simulacra
  5 vampire mosquitoes
  3 steam dragons
  Menkaure (D:4)
  Edmund (D:6)
  2 harpy simulacra (IceCv)
  2 nagas (Lair:3)
  9 wargs
  Duvessa (D:4)
  17 water moccasins
  6 black bears
  An ice beast (D:7)
  46 orc warriors
  5 boggarts
  23 wolves
  4 centaurs
  8 ogres
  2 phantoms (D:5)
  2 kobold brigands
  Blork the orc (D:7)
  10 bullfrogs
  2 gnoll sergeants
  A two-headed ogre simulacrum (IceCv)
  4 scorpions
  A cane toad simulacrum (IceCv)
  17 wights
  Dowan (D:4)
  An elephant simulacrum (IceCv)
  4 killer bees (D:10)
  A howler monkey (D:6)
  3 electric eels (D:12)
  12 jellies
  2 hounds
  15 orc priests
  4 iguanas
  12 orc wizards
  3 spriggan simulacra (IceCv)
  A troll simulacrum (IceCv)
  5 polar bear simulacra
  2 wolf simulacra (Lair:6)
  13 mummies (Ossuary)
  9 adders
  4 gnolls (D:10)
  4 naga simulacra (IceCv)
  9 river rats (Sewer)
  A shadow imp (D:7)
  3 white imps
  5 ufetubi (IceCv)
  A worm (D:4)
  3 dart slugs (D:1)
  93 orcs
  16 ball pythons
  11 endoplasms
  6 giant cockroaches
  6 goblins
  7 hobgoblins
  3 jackals (D:4)
  5 quokkas
  5 bats
  7 frilled lizards
  2 gnoll skeletons (Ossuary)
  A goblin skeleton (Ossuary)
  12 kobolds
  3 kobold skeletons (Ossuary)
  2 orc skeletons (Ossuary)
  34 rats
  11 rat skeletons (Ossuary)
752 creatures vanquished.

Vanquished Creatures (others)
  A quokka (D:8)
  41 fungi
  70 plants
  A withered plant (D:4)
113 creatures vanquished.

Grand Total: 865 creatures vanquished

Notes
Turn   | Place    | Note
-------+----------+-------------------------------------------
     0 | D:1      | zishaf the Demigod Wanderer began the quest for the Orb.
     0 | D:1      | zishaf set off with the following items: a +0 dagger, a +0
                  | cloak, a scroll of teleportation, a +0 robe, a wand of
                  | quicksilver (15); and the following spell memorised:
                  | Sandblast; and the following spells available to memorise:
                  | Stone Arrow.
     0 | D:1      | Reached XP level 1. HP: 14/14 MP: 4/4
   161 | D:1      | Found Ycaasu's Distillery.
   467 | D:1      | Reached XP level 2. HP: 22/22 MP: 3/5
   600 | D:1      | Reached skill level 1 in Fighting
  1340 | D:2      | Reached XP level 3. HP: 28/28 MP: 4/6
  1378 | D:2      | Learned a level 3 spell: Stone Arrow
  1553 | D:2      | Reached skill level 2 in Earth Magic
  2448 | D:3      | Found Olaseem's One-of-a-Kind Rings.
  3105 | D:4      | Noticed Duvessa
  3105 | D:4      | Noticed Dowan
  3107 | D:4      | Killed Dowan
  3108 | D:4      | Reached skill level 1 in Conjurations
  3108 | D:4      | Reached XP level 4. HP: 36/36 MP: 8/8
  3110 | D:4      | Noticed Eustachio
  3111 | D:4      | Killed Duvessa
  3112 | D:4      | Reached skill level 3 in Earth Magic
  3112 | D:4      | Reached XP level 5. HP: 27/42 MP: 9/9
  3116 | D:4      | Killed Eustachio
  3117 | D:4      | Reached skill level 4 in Earth Magic
  3117 | D:4      | Reached XP level 6. HP: 33/50 MP: 8/10
  3181 | D:4      | Noticed Menkaure
  3196 | D:4      | Killed Menkaure
  3234 | D:4      | Found a staircase to the Ecumenical Temple.
  3251 | D:4      | Found a glowing drain.
  3268 | Sewer    | Entered a sewer
  3777 | Sewer    | Reached skill level 5 in Earth Magic
  3777 | Sewer    | Reached XP level 7. HP: 57/57 MP: 7/11
  4753 | D:4      | Found Gotuhioxyn's Distillery.
  5316 | D:5      | Entered Level 5 of the Dungeon
  5324 | D:5      | Reached skill level 6 in Earth Magic
  5649 | D:5      | Reached XP level 8. HP: 66/67 MP: 0/12
  5952 | D:5      | Reached skill level 7 in Earth Magic
  5966 | D:4      | Reached skill level 5 in Fighting
  6539 | D:5      | Reached skill level 5 in Conjurations
  6592 | D:5      | Found Sarasvati's Dragon-Slaying Spoils.
  6975 | D:5      | Reached XP level 9. HP: 54/74 MP: 0/14
  7210 | D:6      | Found a sand-covered staircase.
  7219 | Ossuary  | Entered an ossuary
  7351 | Ossuary  | Reached skill level 8 in Earth Magic
  8525 | D:6      | Noticed Edmund
  8529 | D:6      | Killed Edmund
  9362 | D:6      | Reached skill level 9 in Earth Magic
 10121 | D:7      | Noticed Blork the orc
 10260 | D:7      | Killed Blork the orc
 10286 | D:7      | Reached XP level 10. HP: 84/84 MP: 9/18
 10295 | D:7      | Learned a level 2 spell: Sublimation of Blood
 11109 | D:7      | Reached skill level 1 in Necromancy
 11387 | D:7      | Reached skill level 1 in Shields
 11744 | D:8      | Noticed Amaemon
 12123 | D:8      | Noticed Erica
 12128 | D:8      | Killed Erica
 12466 | D:8      | Reached skill level 10 in Earth Magic
 12507 | D:8      | Killed Amaemon
 13057 | D:9      | Paralysed by a hornet for 2 turns
 13278 | D:9      | Identified the amulet "Moxyxeyt" {Faith Harm Stlth+}
 13803 | D:9      | Learned a level 2 spell: Passwall
 14049 | D:10     | Entered Level 10 of the Dungeon
 14636 | D:10     | Found a staircase to the Lair.
 14658 | D:10     | Reached XP level 11. HP: 92/92 MP: 6/20
 14824 | D:10     | Noticed a catoblepas
 14828 | D:10     | Killed a catoblepas
 15488 | D:10     | You fall into a shaft and drop 1 floor!
 15567 | D:11     | Found a staircase to the Orcish Mines.
 15567 | D:11     | Noticed Fannar
 15581 | D:11     | Killed Fannar
 15582 | D:11     | Reached skill level 11 in Earth Magic
 15824 | D:11     | Noticed a boulder beetle
 16069 | D:10     | Identified the +1 ring mail of Leaves {rPois rC- rCorr}
 16153 | D:10     | Identified the ring "Mupyth" {rF+ rC++ rN+ rCorr Int+4}
 16418 | D:11     | Identified the +5 executioner's axe of Diet Blood {vorpal,
                  | rElec}
 16797 | D:11     | Noticed a boulder beetle
 16809 | D:11     | Killed a boulder beetle
 17333 | D:11     | Killed a boulder beetle
 17689 | D:12     | Reached skill level 5 in Shields
 17693 | D:12     | Noticed Psyche
 17697 | D:12     | Killed Psyche
 17792 | D:12     | Reached skill level 12 in Earth Magic
 18240 | D:12     | Noticed a sphinx
 18240 | D:12     | Noticed a storm dragon
 18240 | D:12     | Noticed a tengu reaver
 18503 | Lair:1   | Entered Level 1 of the Lair of Beasts
 18791 | Lair:1   | Reached skill level 1 in Transmutations
 18791 | Lair:1   | Reached XP level 12. HP: 103/103 MP: 8/22
 19264 | Lair:1   | Noticed Harold
 19269 | Lair:1   | Killed Harold
 20232 | Lair:2   | Noticed an eight-headed hydra
 20245 | Lair:2   | Killed an eight-headed hydra
 20324 | Lair:2   | Learned a level 6 spell: Iron Shot
 20357 | Lair:2   | Found a transporter.
 20357 | Lair:2   | Found a transporter.
 20357 | Lair:2   | Noticed a boulder beetle
 20464 | Lair:2   | Reached skill level 5 in Spellcasting
 21698 | Lair:2   | Found a staircase to the Shoals.
 22251 | Lair:2   | Killed a boulder beetle
 22252 | Lair:2   | Reached skill level 13 in Earth Magic
 22865 | Lair:3   | Found a staircase to the Snake Pit.
 23043 | Lair:3   | Reached skill level 10 in Fighting
 23708 | Lair:3   | Reached XP level 13. HP: 113/113 MP: 9/24
 25073 | Lair:3   | Identified the +12 long sword "Jusoc" {freeze, rF+ rC+
                  | Int+4}
 25682 | Lair:3   | Reached skill level 1 in Long Blades
 27577 | Lair:5   | Noticed Sonja
 27580 | Lair:5   | Killed Sonja
 28956 | Lair:5   | Reached skill level 14 in Earth Magic
 29476 | Lair:6   | Entered Level 6 of the Lair of Beasts
 29509 | Lair:6   | Found a frozen archway.
 29632 | IceCv    | Entered an ice cave
 30653 | IceCv    | Noticed a reaper
 30684 | IceCv    | Killed a reaper
 31175 | Lair:6   | Reached XP level 14. HP: 108/124 MP: 9/28
 31956 | Lair:6   | Found a staircase to the Slime Pits.
 32174 | Lair:5   | Reached skill level 10 in Conjurations
 33276 | Lair:6   | Got the Tome of the Traveller
 33322 | Lair:6   | Reached skill level 5 in Long Blades
 33492 | Lair:6   | Upgraded the game from 0.29-a0-613-gf2c431b9b9 to
                  | 0.29-a0-648-g6b26cc9f40
 33706 | D:12     | Noticed Snorg
 33743 | D:12     | Killed Snorg
 34208 | D:12     | Noticed Frances
 34215 | D:12     | Killed Frances
 34586 | D:12     | Killed a sphinx
 34677 | D:12     | Killed a storm dragon
 34917 | D:12     | Killed a tengu reaver
 35086 | D:12     | Identified the +8 long sword of the Eternal Warrior
                  | {vorpal, rF+ rCorr}
 35185 | Orc:1    | Entered Level 1 of the Orcish Mines
 35266 | Orc:2    | Entered Level 2 of the Orcish Mines
 35354 | Orc:2    | Found a staircase to the Elven Halls.
 35452 | Orc:2    | Found Bunuq's Assorted Antiques.
 36316 | Orc:1    | Noticed Jorgrun
 36324 | Orc:1    | Killed Jorgrun
 36690 | Orc:2    | Noticed an orc warlord
 36715 | Orc:1    | HP: 5/126 [orc warlord/+1 broad axe of flaming (23)]
 36715 | Orc:1    | HP: 2/126 [orc warlord/+1 broad axe of flaming (3)]
 36837 | Orc:1    | Killed an orc warlord
 37109 | Orc:2    | Found Lowuole's Armour Boutique.
 37408 | Orc:2    | Found Lowo's Armour Boutique.
 37759 | Orc:2    | Noticed Saint Roka
 38270 | Orc:2    | HP: 4/126 [Saint Roka/divine providence (16)]
 38272 | Orc:2    | Demolished by Saint Roka

Illustrated notes

Levels and vault maps discovered:
D:1:      lightli_arrival_noodles, layout_loops_ring, serial_shops,
          nicolae_shop_trees, shapermc_ecumenical_altar_mp_urbaneastern
D:2:      layout_rooms, minmay_misc_feat_pillars
D:3:      layout_loops_corners, nicolae_shop_unique_rings
D:4:      layout_basic, kiku_gazebo_garden_becter,
          minmay_temple_entry_mini_moons, serial_shops,
          nicolae_inconvenience_store, portal_sewer_entry_f, uniq_menkaure,
          uniq_duvessa, uniq_eustachio
D:5:      layout_cave_pods, grunt_temple_overflow_open,
          nicolae_shop_dragon_depot
D:6:      layout_basic, overflow_temple_1_default,
          lightli_ossuary_entry_decrepit_ruins, uniq_edmund
D:7:      layout_basic, minmay_overflow_temple_star_hex, sword_in_stone
D:8:      layout_basic, mainiacjoe_overflow_surrounded_room, led_sif_pool,
          elyvilon_altar_4, uniq_amaemon, uniq_erica
D:9:      layout_loops_cross, regret_index_temple_of_mockery
D:10:     minmay_wavy_crystal, layout_basic
D:11:     layout_rooms, david_orc_1_choice, uniq_fannar
D:12:     cross_vault, layout_loops_ring, uniq_snorg, uniq_psyche, uniq_frances
Lair:1:   layout_cave_pods, basic_altar, cheibrodos_lair_lostbears,
          grunt_megastairs_3, uniq_harold
Lair:2:   gammafunk_boulding_lane, layout_gridlike,
          minmay_shoals_entry_lonely_mermaid, minivault_19
Lair:3:   layout_chaotic_city, guppyfry_snake_entry_garden,
          beast_lair_carwin_10, grunt_megastairs_4, lemuel_fruit_fields,
          serial_bayou_shore_a
Lair:4:   layout_misc_corridors, beast_lair_carwin_8,
          infiniplex_staircase_pool_2
Lair:5:   layout_regular_city, hibernation_bobbens, lemuel_fruit_fields,
          uniq_sonja
Lair:6:   minmay_lair_end_enchanted_forest, layout_cave_pods,
          minmay_slime_entry_jelly_boxes, portal_ice_cave_entry_ice_simulacra,
          dreamdust_mushroom_princess, kennysheep_basilisk_garden
Orc:1:    layout_diamond_mine, uniq_jorgrun
Orc:2:    st_orc_town, layout_diamond_mine, serial_shops, nicolae_diamond_shop,
          special_room, uniq_saint_roka, uniq_maurice

Skill      XL: |  1  2  3  4  5  6  7  8  9 10 11 12 13 14 |
---------------+-------------------------------------------+-----
Fighting       | 1 2 3 4 5 6 7 8 10 11 12 | 12.1
Evocations     | 4 |  4.8
Earth Magic    | 2 3 4 5 6 7 9 10 12 13 14 | 14.8
Conjurations   | 1 2 4 5 6 7 8 9 10 | 10.7
Spellcasting   | 3 4 5 6 7 |  7.7
Necromancy     | 3 4 |  4.0
Shields        | 3 5 6 |  6.0
Transmutations | 1 3 |  3.0
Long Blades    | 3 5 |  5.9
Dodging        | |  3.6

Action                   |  1- 3 |  4- 6 |  7- 9 | 10-12 | 13-15 || total
-------------------------+-------+-------+-------+-------+-------++-------
Melee: Dagger            |    21 |    27 |    94 |   193 |    23 ||   358
       Long sword        |       |       |       |       |   480 ||   480
 Cast: Sandblast         |    83 |    62 |    48 |    57 |    20 ||   270
       Stone Arrow       |       |       |   132 |   369 |   418 ||   919
       Passwall          |       |       |       |     1 |       ||     1
       Iron Shot         |       |       |       |       |    63 ||    63
Evoke: Wand              |     1 |     8 |       |    12 |    17 ||    38
       Phial of floods   |       |       |       |       |     1 ||     1
       Tin of tremorston |       |       |       |       |     1 ||     1
  Use: Scroll            |     8 |     1 |    11 |     9 |     6 ||    35
       Potion            |       |     1 |     1 |     4 |     5 ||    11
Armor: Robe              |    26 |    32 |    60 |    25 |    26 ||   169
       Steam dragon scal |       |       |     5 |     9 |       ||    14
       Skin              |       |       |       |     9 |       ||     9
       Ring mail         |       |       |       |    48 |   240 ||   288
Dodge: Dodged            |    69 |    60 |   156 |   224 |   531 ||  1040
Block: Kite shield       |       |       |       |   271 |   675 ||   946

Table legend: (Time is in decaauts)
 A = Elapsed time spent in this place.
 B = Non-inter-level travel time spent in this place.
 C = Inter-level travel time spent in this place.
 D = Time resting spent in this place.
 E = Time spent auto-exploring this place.
 F = Levels seen in this place.
 G = Mean time per level.
                   A        B        C        D        E       F      G
               +--------+--------+--------+--------+--------+-----+--------+
         Total |  38881 |  37381 |   1500 |   8907 |  21539 |  23 | 1690.5 |
       Dungeon |  18440 |  17684 |    756 |   3166 |  11645 |  12 | 1536.7 |
          Lair |  13781 |  13140 |    641 |   3745 |   7193 |   6 | 2296.8 |
  Orcish Mines |   3164 |   3062 |    102 |    660 |   1385 |   2 | 1582.0 |
         Sewer |   1269 |   1269 |      0 |    377 |    522 |   1 | 1269.0 |
       Ossuary |    884 |    884 |      0 |     34 |    671 |   1 |  884.0 |
      Ice Cave |   1341 |   1341 |      0 |    925 |    122 |   1 | 1341.0 |
               +--------+--------+--------+--------+--------+-----+--------+

Top non-repeatable levels by time:
  Lair:3: 3181 daAuts
  Lair:1: 2496 daAuts
  Lair:6: 2350 daAuts
  Lair:2: 2260 daAuts
     D:7: 2087 daAuts
    D:12: 2085 daAuts
    D:10: 1949 daAuts
  Lair:5: 1775 daAuts
    D:11: 1763 daAuts
     D:5: 1747 daAuts
  Lair:4: 1716 daAuts
     D:6: 1653 daAuts
   Orc:2: 1590 daAuts
   Orc:1: 1574 daAuts
     D:9: 1550 daAuts
